 Dungeon Crawl Stone Soup version 0.28-a0-1344-g6b9ff3a05d (webtiles) character file.

Game seed: 7873256902167547548

182820 Deminshera the Slayer (level 18, -7/149 HPs)
             Began as a Merfolk Monk on Dec 29, 2021.
             Was an Elder of Hepliaklqana.
             Mangled by the 26-headed Lernaean hydra (12 damage)
             ... on level 4 of the Swamp.
             The game lasted 01:25:01 (45085 turns).

Deminshera the Slayer (Merfolk Monk)               Turns: 45085, Time: 01:25:02

Health: -7/149     AC: 11    Str: 20    XL:     18   Next: 35%
Magic:  24/24      EV: 26    Int: 10    God:    Hepliaklqana [****..]
Gold:   2273       SH:  0    Dex: 18    Spells: 17/17 levels left

rFire   + . .      SeeInvis .   z - +6 quick blade (flame)
rCold   + . .      Faith    .   (no shield)
rNeg    . . .      Spirit   .   (no armour)
rPois   .          Reflect  .   K - +1 hat {Stlth+}
rElec   .          Harm     .   l - scarf {rC+ rF+}
rCorr   .          Rampage  .   m - +2 pair of gloves
Will    ++...                   J - +1 pair of boots of Purpose {Will+ Str+3}
Stlth   ++++......              F - amulet of the acrobat
HPRegen 0.34/turn               y - +4 ring of protection
MPRegen 0.19/turn               i - +4 ring of evasion

@: no status effects
A: reduced essence, (nimble swimmer 2), mertail
a: Renounce Religion, Recall Ancestor, Ancestor Identity, Transference, Idealise


You were on level 4 of the Swamp.
You worshipped Hepliaklqana.
Hepliaklqana was greatly pleased with you.
You visited 6 branches of the dungeon, and saw 30 of its levels.

You collected 3508 gold pieces.
You spent 1235 gold pieces at shops.

Inventory:

Hand Weapons
 x - a +5 vampiric halberd
 z - a +6 quick blade of flaming (weapon)
Armour
 d - the +15 Maxwell's patent armour {-Cast -Tele rElec Will+ rCorr}
   (You acquired it on level 4 of the Lair of Beasts)

   rElec:     It insulates you from electricity.
   -Cast:     It prevents spellcasting.
   -Tele:     It prevents most forms of teleportation.
   rCorr:     It protects you from acid and corrosion.
   Will:      It increases your willpower.
 l - a scarf of resistance (worn)
 m - a +2 pair of gloves (worn)
 o - +0 swamp dragon scales
 J - the +1 pair of boots of Purpose (worn) {Will+ Str+3}
   (You acquired it on level 4 of the Lair of Beasts)

   Str:       It affects your strength (+3).
   Will:      It increases your willpower.
 K - a +1 hat of stealth (worn)
Jewellery
 i - a +4 ring of evasion (right hand)
 y - a +4 ring of protection (left hand)
 F - an amulet of the acrobat (around neck)
 R - a ring of fire
Wands
 k - a wand of paralysis (8)
 q - a wand of polymorph (4)
 r - a wand of mindburst (7)
 s - a wand of charming (4)
 w - a wand of acid (23)
 G - a wand of flame (26)
Scrolls
 b - 2 scrolls of teleportation
 e - a scroll of summoning
 g - 4 scrolls of magic mapping
 j - 3 scrolls of amnesia
 n - 2 scrolls of immolation
 u - a scroll of identify
 A - 5 scrolls of fog
 B - 2 scrolls of fear
 D - 10 scrolls of blinking
 H - 2 scrolls of torment
 I - 6 scrolls of enchant armour
 P - a scroll of holy word
Potions
 a - 3 potions of flight
 c - 10 potions of curing
 f - 6 potions of brilliance
 h - 2 potions of ambrosia
 p - a potion of heal wounds
 t - a potion of resistance
 v - 4 potions of magic
 E - 2 potions of invisibility
 L - a potion of berserk rage
 M - a potion of lignification
 O - 5 potions of might


   Skills:
 + Level 21.1 Fighting
 - Level 18.0 Polearms
 - Level 15.0 Armour
 - Level 15.0 Dodging
 - Level 5.0 Stealth
 - Level 8.0 Invocations


You had 17 spell levels left.
You didn't know any spells.
Your spell library contained the following spells:

 Spells                   Type           Power      Damage    Failure   Level
 Animate Skeleton         Necr           0%         N/A       36%         1
 Apportation              Tloc           0%         N/A       36%         1
 Foxfire                  Conj/Fire      0%         2x1d4     36%         1
 Freeze                   Ice            0%         1d3       36%         1
 Pain                     Necr           0%         1d4       36%         1
 Shock                    Conj/Air       0%         1d3       36%         1
 Summon Small Mammal      Summ           0%         N/A       36%         1
 Scorch                   Fire           0%         2d5       50%         2
 Static Discharge         Conj/Air       0%         N/A       50%         2
 Sublimation of Blood     Necr           0%         N/A       50%         2
 Conjure Flame            Conj/Fire      0%         6-21      75%         3
 Dazzling Flash           Conj/Hex       0%         N/A       75%         3
 Frozen Ramparts          Ice            0%         1d2       75%         3
 Gell's Gravitas          Tloc           0%         N/A       75%         3
 Ignite Poison            Fire/Tmut/Pois 0%         N/A       75%         3
 Inner Flame              Hex/Fire       0%         N/A       75%         3
 Lesser Beckoning         Tloc           0%         N/A       75%         3
 Ozocubu's Armour         Ice            0%         N/A       75%         3
 Stone Arrow              Conj/Erth      0%         3d7       75%         3
 Swiftness                Air            0%         N/A       75%         3
 Teleport Other           Tloc           0%         N/A       75%         3
 Vampiric Draining        Necr           0%         2d6       75%         3
 Airstrike                Air            0%         N/A       98%         4
 Animate Armour           Summ/Erth      0%         N/A       98%         4
 Animate Dead             Necr           0%         N/A       98%         4
 Flame Wave               Conj/Fire      0%         2d4       98%         4
 Hailstorm                Conj/Ice       0%         3d3       98%         4
 Petrify                  Tmut/Erth      0%         N/A       98%         4
 Sticky Flame             Conj/Fire      0%         2d3       98%         4
 Summon Lightning Spire   Summ/Air       0%         N/A       98%         4
 Agony                    Necr           0%         N/A       100%        5
 Alistair's Intoxication  Tmut/Pois      0%         N/A       100%        5
 Borgnjor's Vile Clutch   Necr/Erth      0%         N/A       100%        5
 Excruciating Wounds      Necr           0%         N/A       100%        5
 Irradiate                Conj/Tmut      0%         3d13      100%        5
 Lightning Bolt           Conj/Air       0%         1d11      100%        5
 Metabolic Englaciation   Hex/Ice        0%         N/A       100%        5
 Silence                  Hex/Air        0%         N/A       100%        5
 Death Channel            Necr           0%         N/A       100%        6
 Dispersal                Tloc           0%         N/A       100%        6
 Simulacrum               Ice/Necr       0%         N/A       100%        6
 Summon Cactus Giant      Summ           0%         N/A       100%        6
 Storm Form               Tmut/Air       0%         N/A       100%        7
 Lehudib's Crystal Spear  Conj/Erth      0%         10d2      100%        8
 Maxwell's Capacitive Co  Air            0%         ∞         100%        8


Dungeon Overview and Level Annotations

Branches:
Dungeon (15/15)            Temple (1/1) D:5            Lair (6/6) D:8
  Swamp (4/4) Lair:3       Spider (0/4) Lair:4        Slime (0/5) Lair:6
    Orc (2/2) D:12            Elf (2/3) Orc:2        Vaults (0/5) D:13
 Depths (0/4) D:15

Altars:
Ashenzari
Cheibriados
Dithmenos
Elyvilon
Fedhas
Gozag
Hepliaklqana
Kikubaaqudgha
Makhleb
Nemelex Xobeh
Okawaru
Qazlal
Ru
Sif Muna
Trog
Uskayaw
Vehumet
Wu Jian
Xom
Yredelemnul
Zin
The Shining One
Beogh

Shops:
D:1 [?=*   D:5 (*(:*   Orc:2 :((!   Elf:2 (

Portals:
Trove: D:15 (give 7 scrolls of fear)

Annotations:
D:4 1 runed translucent door
Swamp:4 Lernaean hydra


Innate Abilities, Weirdness & Mutations

Your life essence is reduced to manifest your ancestor. (-10% HP)
((You are very nimble when in or above water. (Stealth+, EV+, Speed+++)))
Your lower body shifts to a powerful aquatic tail in water.


Message History

The 26-headed Lernaean hydra bites Shatu-murrim.
The 26-headed Lernaean hydra bites Shatu-murrim but does no damage.
Shatu-murrim blocks the 26-headed Lernaean hydra's attack.
The 26-headed Lernaean hydra bites Shatu-murrim. x2
Shatu-murrim blocks the 26-headed Lernaean hydra's attack. x2
The 26-headed Lernaean hydra closely misses Shatu-murrim.
The 26-headed Lernaean hydra bites Shatu-murrim.
The 26-headed Lernaean hydra bites Shatu-murrim but does no damage.
The 26-headed Lernaean hydra bites Shatu-murrim.
The 26-headed Lernaean hydra bites Shatu-murrim but does no damage.
The 26-headed Lernaean hydra bites Shatu-murrim.
The 26-headed Lernaean hydra barely misses Shatu-murrim.
The 26-headed Lernaean hydra bites Shatu-murrim!
The 26-headed Lernaean hydra bites Shatu-murrim but does no damage. x2
The 26-headed Lernaean hydra closely misses Shatu-murrim.
The 26-headed Lernaean hydra bites Shatu-murrim but does no damage. x3
Shatu-murrim blocks the 26-headed Lernaean hydra's attack.
The 26-headed Lernaean hydra bites Shatu-murrim.
Shatu-murrim is destroyed!
You continue putting on the +15 Maxwell's patent armour {-Cast -Tele rElec Will+ rCorr}.
The 26-headed Lernaean hydra bites you!
* * * LOW HITPOINT WARNING * * *
The 26-headed Lernaean hydra closely misses you.
The 26-headed Lernaean hydra bites you but does no damage.
The 26-headed Lernaean hydra misses you.
The 26-headed Lernaean hydra bites you!
* * * LOW HITPOINT WARNING * * *
The 26-headed Lernaean hydra bites you!
* * * LOW HITPOINT WARNING * * *
The 26-headed Lernaean hydra bites you!
* * * LOW HITPOINT WARNING * * *
The 26-headed Lernaean hydra completely misses you.
The 26-headed Lernaean hydra misses you.
The 26-headed Lernaean hydra closely misses you.
The 26-headed Lernaean hydra bites you but does no damage. x2
The 26-headed Lernaean hydra bites you.
* * * LOW HITPOINT WARNING * * *
The 26-headed Lernaean hydra bites you but does no damage. x2
The 26-headed Lernaean hydra bites you!
You die...

♣♣§≈...≈.#≈..≈♣♣♣.≈.♣ ♣≈#§≈♣
♣♣♣.≈...≈..≈♣♣≈♣♣ ♣.≈♣♣ ♣♣♣♣♣♣
♣♣.♣♣.♣≈.#.♣♣♣♣♣♣ ♣♣♣♣
♣...≈.......♣ ♣♣♣♣
♣♣..≈.≈.♣...≈♣♣♣♣.≈♣ #### ##
≈..§.§.♣♣.≈.♣≈≈.≈#####≈≈####≈####
≈..≈♣≈..♣.§.≈≈.### §.≈≈.≈≈#≈#≈≈#≈
..≈D..≈..........###.≈≈≈#≈≈.≈≈≈.≈
........♣.......@D............≈≈.
.≈..≈≈..≈..≈≈...##.≈#≈≈#.≈≈.#≈≈≈≈
.≈≈....≈.≈≈≈♣.######[#≈#≈≈.≈≈#≈≈.
...§..≈≈..≈♣♣♣.○## ##≈.≈[≈≈≈#≈≈≈.
..≈≈≈..≈♣≈.≈≈♣♣.≈# #≈≈#.†.≈≈≈≈.≈
..≈..).....≈.≈≈♣♣##≈≈#≈≈.†≈≈§≈.#.
§≈≈≈..§...≈≈.#≈♣♣ #≈##≈≈†#≈≈≈≈≈≈.
.^..≈≈≈≈≈#≈..≈≈≈♣ ##≈≈.≈.≈.≈#≈.#.
.≈.≈≈..≈§≈.≈#≈≈♣♣ #≈#≈≈≈.#≈#≈≈≈≈.


You could see the 26-headed Lernaean hydra.

Vanquished Creatures
  Jorgrun (Swamp:2)
  Gastronok (Lair:2)
  Aizul (Swamp:1)
  A ghoul (Swamp:2)
  A deep elf annihilator (Elf:1)
  A bunyip (Swamp:2)
  3 eleionomae
  3 dire elephants (Lair:6)
  Azrael (Elf:2)
  A hydra (Swamp:4)
  A rakshasa (D:14)
  A catoblepas (D:15)
  2 boulder beetles (D:15)
  An ogre mage (Orc:2)
  A centaur warrior (D:11)
  3 death knights
  13 dancing weapons
  3 two-headed ogres
  3 alligators
  8 death yaks
  10 deep elf knights
  Nergalle (Orc:2)
  A spectral anaconda (Lair:6)
  3 goliath frogs
  2 deep trolls (D:15)
  3 spriggan druids
  An obsidian statue (Lair:6)
  11 swamp dragons
  6 deep elf archers
  3 wizards
  A harpy (shapeshifter) (Elf:2)
  6 bog bodies
  A glowing orange brain (shapeshifter) (D:13)
  A phantasmal warrior (D:12)
  A necromancer (Lair:6)
  9 deep elf zephyrmancers
  20 deep elf pyromancers
  4 ugly things
  5 orc sorcerers
  3 cyclopes
  5 will-o-the-wisps
  5 manticores
  6 elephants
  3 black mambas
  Maggie (D:8)
  3 torpor snails
  A rime drake (shapeshifter) (D:13)
  15 cane toads
  A yaktaur (shapeshifter) (Elf:1)
  2 rime drakes
  9 komodo dragons
  4 tengu conjurers (D:14)
  2 trolls
  A wind drake (shapeshifter) (D:13)
  7 tyrant leeches
  8 hornets
  12 blink frogs
  4 slime creatures
  4 dream sheep (Lair:6)
  2 shadows
  3 wraiths
  2 water elementals (D:15)
  2 wyverns
  42 yaks
  9 spriggans
  A hog (D:13)
  2 fire elementals (Elf:2)
  A death yak simulacrum (Lair:6)
  A steam dragon (D:9)
  9 vampire mosquitoes
  11 swamp worms
  2 wargs
  A spectral cane toad (Lair:6)
  Duvessa (D:6)
  13 water moccasins
  8 orc warriors
  6 swamp drakes
  A black bear (D:8)
  A sky beast (D:7)
  2 necrophages (Swamp:3)
  2 wolves (Lair:6)
  2 boggarts
  5 ogres
  2 centaurs
  2 elephant skeletons (Lair:6)
  Blork the orc (D:6)
  13 bullfrogs
  6 scorpions (Lair:4)
  3 earth elementals
  3 cane toad simulacra (Lair:6)
  Dowan (D:6)
  An elephant simulacrum (Lair:6)
  A water moccasin skeleton (D:4)
  9 killer bees
  5 wights
  7 howler monkeys
  8 electric eels
  A gnoll shaman (D:9)
  3 hounds
  A bullfrog skeleton (D:6)
  3 centaur zombies
  2 jellies
  9 orc priests
  19 orc wizards
  3 iguanas
  Natasha (thrice) (D:4)
  A hound skeleton (D:5)
  Robin (D:4)
  7 adders
  5 gnolls
  A howler monkey skeleton (D:4)
  A shadow imp (D:6)
  3 white imps
  An ufetubus (D:2)
  4 worms
  4 dart slugs
  47 orcs
  6 endoplasms
  A giant cockroach (D:3)
  14 goblins
  13 hobgoblins
  7 jackals
  4 quokkas
  7 ball pythons
  6 bats
  2 frilled lizards (D:1)
  A goblin skeleton (D:4)
  A jackal skeleton (D:4)
  10 kobolds
  8 rats
625 creatures vanquished.

Vanquished Creatures (collateral kills)
  Kirke (D:13)
  A ghoul (Swamp:2)
  2 bunyips
  The ghost of kelmiir the Thaumaturge, a journeyman GnFE of Vehumet (Lair:4)
  The ghost of DoubleLucky the Summoner, a journeyman TeSu of Nemelex Xobeh (Lair:4)
  An ettin (Orc:1)
  17 hydras
  A centaur warrior (D:13)
  2 ogre magi (Orc:2)
  A ghost crab (Swamp:2)
  6 dancing weapons (Elf:2)
  A tengu warrior (D:15)
  3 alligators
  3 death yaks (Lair:6)
  10 deep elf knights
  A spectral death yak (Lair:6)
  A death drake (Swamp:4)
  A spriggan druid (Swamp:2)
  A goliath frog (Swamp:2)
  A deep troll (D:15)
  A deep elf archer (Elf:2)
  6 swamp dragons
  A bog body (Swamp:2)
  5 deep elf zephyrmancers
  An oklob plant (Lair:3)
  2 necromancers (Lair:6)
  7 deep elf pyromancers
  A manticore (D:14)
  2 orc sorcerers (Orc:2)
  4 ugly things
  A cyclops (D:15)
  2 dire elephant zombies (Lair:6)
  3 elephants
  A gargoyle (D:12)
  A black mamba (Lair:6)
  5 cane toads
  An unseen horror (D:11)
  A cane toad (shapeshifter) (D:13)
  Psyche (D:12)
  2 komodo dragons
  2 freezing wraiths
  A tengu conjurer (Elf:1)
  A polar bear (Lair:6)
  A tyrant leech (Swamp:1)
  A wind drake (shapeshifter) (D:15)
  8 hornets
  A troll (D:11)
  Prince Ribbit (D:6)
  A dream sheep (Lair:6)
  9 blink frogs
  A meliai zombie (D:11)
  6 slime creatures
  16 yaks
  A vampire (D:11)
  3 wraiths
  4 basilisks
  A water elemental (D:15)
  9 spriggans
  3 fire elementals
  2 wyverns
  8 vampire mosquitoes
  2 hogs (D:13)
  3 swamp worms
  A warg (D:12)
  An acid dragon (D:10)
  6 water moccasins
  2 hell hounds (Elf:2)
  3 swamp drakes (Swamp:4)
  A hornet zombie (D:7)
  2 black bears
  5 orc warriors
  An ice beast (D:6)
  2 ogres
  4 boggarts (D:15)
  A wolf (Lair:6)
  An elephant zombie (Lair:6)
  3 centaurs (D:8)
  An elephant skeleton (Lair:6)
  A bullfrog (Lair:4)
  2 scorpions (D:6)
  7 killer bees
  2 electric eels
  2 hounds
  A bullfrog zombie (D:6)
  A centaur zombie (D:9)
  8 orc priests
  18 orc wizards
  4 gnolls
  23 orcs
  A giant cockroach (Lair:4)
293 creatures vanquished.

Vanquished Creatures (others)
  A deep elf knight (Elf:1)
  A wizard (Elf:1)
  3 deep elf pyromancers (Elf:1)
  2 bloated husks
  A hornet (Swamp:3)
  2 spriggans
  A hell hound (Elf:2)
  19 knights
  18 foxfires
  35 fungi
  42 plants
  4 toadstools (D:10)
  24 withered plants
153 creatures vanquished.

Grand Total: 1071 creatures vanquished

Notes
Turn   | Place    | Note
-------+----------+-------------------------------------------
     0 | D:1      | Deminshera the Merfolk Monk began the quest for the Orb.
     0 | D:1      | Reached XP level 1. HP: 18/18 MP: 1/1
    43 | D:1      | Reached XP level 2. HP: 17/24 MP: 2/2
   209 | D:1      | Found Nafe's Antique Armour Shop.
   219 | D:1      | Found Vubuijal's Jewellery Shop.
   334 | D:1      | Found Iderr's Assorted Antiques.
   381 | D:1      | Found Nebberut's Magic Scroll Shop.
   545 | D:1      | Reached XP level 3. HP: 29/29 MP: 3/3
  1227 | D:2      | Reached XP level 4. HP: 27/36 MP: 4/4
  2005 | D:2      | Reached skill level 5 in Stealth
  2471 | D:2      | Reached XP level 5. HP: 42/42 MP: 5/5
  2477 | D:2      | Reached skill level 5 in Polearms
  2516 | D:2      | Found a faded altar of an unknown god.
  2524 | D:2      | Got Plato's Collected Works on Confrontation
  3542 | D:4      | Noticed an ogre
  3552 | D:4      | Killed an ogre
  3553 | D:4      | Reached skill level 4 in Fighting
  3553 | D:4      | Reached skill level 5 in Dodging
  3553 | D:4      | Reached XP level 6. HP: 10/49 MP: 6/6
  4284 | D:4      | Noticed Natasha
  4285 | D:4      | Noticed Robin
  4356 | D:4      | Killed Natasha
  4675 | D:4      | Killed Robin
  4676 | D:4      | Reached skill level 5 in Fighting
  4896 | D:4      | Noticed Natasha
  4905 | D:4      | Killed Natasha
  4967 | D:4      | Found a runed translucent door.
  4967 | D:4      | Noticed a human
  4968 | D:4      | Found a basalt altar of Yredelemnul.
  5034 | D:4      | Reached XP level 7. HP: 9/56 MP: 7/7
  5506 | D:4      | Noticed Natasha
  5521 | D:4      | Killed Natasha
  5623 | D:5      | Entered Level 5 of the Dungeon
  5636 | D:5      | Found Teulole's Assorted Antiques.
  5650 | D:5      | Bought a pair of embroidered gloves for 195 gold pieces
  5665 | D:5      | Found Zap Zary's Weapon Shop.
  6024 | D:4      | Reached skill level 6 in Fighting
  6369 | D:5      | Found Fol Bung's Assorted Antiques.
  6482 | D:5      | Reached XP level 8. HP: 54/64 MP: 8/8
  6629 | D:5      | Found Xowall's Book Shop.
  6668 | D:5      | Found Kedd's Antique Weapon Shoppe.
  7031 | D:5      | Found a staircase to the Ecumenical Temple.
  7040 | Temple   | Entered the Ecumenical Temple
  7157 | Temple   | Became a worshipper of Hepliaklqana the Forgotten
  7157 | Temple   | Reached * piety under Hepliaklqana
  7157 | Temple   | Reached ** piety under Hepliaklqana
  7158 | Temple   | Remembered your ancestor Shatu-murrim as a knight
  7416 | D:6      | Reached skill level 7 in Fighting
  7542 | D:6      | Noticed Prince Ribbit
  7547 | D:6      | Noticed Blork the orc
  7548 | D:6      | Noticed Dowan
  7549 | D:6      | Noticed Duvessa
  7552 | D:6      | Killed Prince Ribbit
  7553 | D:6      | Reached skill level 8 in Fighting
  7572 | D:6      | Killed Duvessa
  7575 | D:6      | Killed Blork the orc
  7584 | D:6      | Killed Dowan
  7585 | D:6      | Reached XP level 9. HP: 59/67 MP: 9/9
  7684 | D:6      | Reached skill level 9 in Fighting
  8504 | D:7      | Found the +6 shillelagh "Devastator" {shatter}
  8525 | D:7      | Reached skill level 10 in Fighting
  8525 | D:7      | Reached skill level 10 in Polearms
  8576 | D:7      | Identified the +6 arbalest of Day {flame, rF+}
  8970 | D:7      | Reached skill level 11 in Fighting
  8985 | D:7      | Reached XP level 10. HP: 67/79 MP: 10/10
  9965 | D:8      | Noticed an elephant
 10339 | D:7      | Reached skill level 12 in Fighting
 10556 | D:8      | Killed an elephant
 10651 | D:8      | Found a staircase to the Lair.
 11189 | D:8      | Reached *** piety under Hepliaklqana
 11192 | D:8      | Found a shimmering altar of Xom.
 11570 | D:8      | Reached skill level 13 in Fighting
 11693 | D:8      | Noticed Maggie
 11711 | D:8      | Killed Maggie
 11862 | D:8      | Identified the +4 falchion "Xeorhy Tify" {speed, SInv}
 12751 | D:9      | Reached XP level 11. HP: 72/89 MP: 8/11
 12999 | D:9      | Reached **** piety under Hepliaklqana
 13260 | D:9      | Found a white marble altar of Elyvilon.
 13269 | D:9      | Found a sacrificial altar of Ru.
 13514 | D:10     | Entered Level 10 of the Dungeon
 13682 | D:10     | Reached skill level 14 in Fighting
 13695 | D:10     | Reached skill level 1 in Invocations
 13770 | D:10     | Found an ornate altar of the Wu Jian Council.
 13770 | D:10     | Found a radiant altar of Vehumet.
 13777 | D:10     | Found a broken altar of Ashenzari.
 13779 | D:10     | Found a glowing silver altar of Zin.
 13781 | D:10     | Found a shadowy altar of Dithmenos.
 14278 | D:10     | Reached ***** piety under Hepliaklqana
 14741 | Lair:1   | Entered Level 1 of the Lair of Beasts
 15129 | Lair:1   | Noticed a six-headed hydra
 15140 | Lair:1   | Killed a six-headed hydra
 15141 | Lair:1   | Reached skill level 5 in Invocations
 16156 | Lair:2   | Reached skill level 1 in Armour
 16334 | Lair:2   | Reached XP level 12. HP: 96/96 MP: 18/18
 16526 | Lair:2   | Noticed Gastronok
 16556 | Lair:2   | Killed Gastronok
 16557 | Lair:2   | Reached skill level 5 in Armour
 17191 | Lair:3   | Found a bloodstained altar of Trog.
 17532 | Lair:3   | Noticed a seven-headed hydra
 17681 | Lair:3   | Killed a seven-headed hydra
 18283 | Lair:3   | Found a staircase to the Swamp.
 18615 | Lair:4   | Reached XP level 13. HP: 98/101 MP: 19/19
 18631 | Lair:4   | Reached skill level 15 in Polearms
 19133 | Lair:4   | Found a runed translucent gate.
 19134 | Lair:4   | Found a runed translucent gate.
 19135 | Lair:4   | Found a runed translucent gate.
 19136 | Lair:4   | Noticed DoubleLucky's ghost (journeyman TeSu)
 19137 | Lair:4   | Noticed kelmiir's ghost (journeyman GnFE)
 19495 | Lair:4   | Found a hole to the Spider Nest.
 19794 | Lair:4   | Killed DoubleLucky's ghost
 19802 | Lair:4   | Killed kelmiir's ghost
 19841 | Lair:4   | Identified 3 scrolls of acquirement
 19841 | Lair:4   | Acquired the +1 pair of boots of Purpose {Will+ Str+3}
 19856 | Lair:4   | Acquired the +15 Maxwell's patent armour {-Cast -Tele rElec
                  | Will+ rCorr}
 19856 | Lair:4   | Found the +15 Maxwell's patent armour {-Cast -Tele rElec
                  | Will+ rCorr}
 19883 | Lair:4   | Acquired 730 gold pieces
 20756 | Lair:6   | Entered Level 6 of the Lair of Beasts
 20767 | Lair:6   | Reached skill level 15 in Fighting
 20815 | Lair:6   | Reached XP level 14. HP: 110/110 MP: 17/20
 21081 | Lair:6   | Found a staircase to the Slime Pits.
 21190 | Lair:6   | Reached skill level 10 in Dodging
 21344 | Lair:6   | Identified the +8 dagger of the Equator {elec, Will+ rCorr
                  | Int+3}
 21507 | Lair:6   | Reached skill level 10 in Armour
 21586 | Lair:6   | Noticed a dire elephant
 21586 | Lair:6   | Noticed a dire elephant
 21586 | Lair:6   | Noticed a dire elephant
 22550 | Lair:6   | Killed a dire elephant
 22557 | Lair:6   | Killed a dire elephant
 22800 | Lair:6   | Killed a dire elephant
 23601 | D:11     | Reached XP level 15. HP: 116/116 MP: 21/21
 24278 | D:12     | Noticed Psyche
 24284 | D:12     | Killed Psyche
 24309 | D:12     | Found a staircase to the Orcish Mines.
 25096 | D:13     | Noticed Kirke
 25121 | D:13     | Killed Kirke
 25262 | D:13     | Found a gate to the Vaults.
 25832 | D:13     | Identified the +0 chain mail "Ymy Ekuy" {+Blink rPois rF++
                  | Slay-2}
 27438 | D:15     | Entered Level 15 of the Dungeon
 28024 | D:15     | Found a staircase to the Depths.
 28586 | D:15     | Found a portal to a secret trove of treasure.
 28742 | Orc:1    | Entered Level 1 of the Orcish Mines
 28945 | Orc:2    | Entered Level 2 of the Orcish Mines
 28972 | Orc:2    | Reached XP level 16. HP: 122/122 MP: 22/22
 29139 | Orc:2    | Found a staircase to the Elven Halls.
 29355 | Orc:2    | Found Queddag's Antique Weapon Shoppe.
 29404 | Orc:2    | Found a radiant altar of Vehumet.
 29429 | Orc:2    | Noticed Nergalle
 29447 | Orc:2    | Killed Nergalle
 29476 | Orc:2    | Reached skill level 15 in Dodging
 29479 | Orc:2    | Found Odokhluex's Antique Weapon Emporium.
 29535 | Orc:2    | Found Faerid's Distillery.
 29553 | Orc:2    | Bought a potion of ambrosia for 120 gold pieces
 29553 | Orc:2    | Bought a potion of heal wounds for 75 gold pieces
 29553 | Orc:2    | Bought a potion of resistance for 150 gold pieces
 29553 | Orc:2    | Bought a potion of heal wounds for 75 gold pieces
 29553 | Orc:2    | Bought a potion of curing for 45 gold pieces
 29568 | Orc:2    | Found an ancient bone altar of Kikubaaqudgha.
 29588 | Orc:2    | Found Ahyw's Book Emporium.
 30279 | Orc:1    | Reached ****** piety under Hepliaklqana
 30451 | Elf:1    | Entered Level 1 of the Elven Halls
 31230 | Elf:1    | You fall into a shaft and drop 1 floor!
 31978 | Elf:2    | Found Geriuj's Antique Weapon Boutique.
 31988 | Elf:2    | Bought a crystal triple sword for 375 gold pieces
 31988 | Elf:2    | Identified the +7 triple sword of Okawaru's Grace {freeze,
                  | +Blink rElec rN+ Dex-3} (You bought it in a shop on level 2
                  | of the Elven Halls)
 31988 | Elf:2    | Bought a polished hand axe for 200 gold pieces
 31988 | Elf:2    | Identified the +7 hand axe of the Hungering Hero {spect,
                  | rN+} (You bought it in a shop on level 2 of the Elven
                  | Halls)
 32047 | Elf:2    | Reached skill level 15 in Armour
 32407 | Elf:2    | Reached skill level 16 in Fighting
 32413 | Elf:2    | Reached XP level 17. HP: 99/129 MP: 23/23
 32754 | Elf:2    | Found a huge runed translucent gate.
 32756 | Elf:2    | Found a huge runed translucent gate.
 32761 | Elf:2    | Found a huge runed translucent gate.
 32762 | Elf:2    | Found a huge runed translucent gate.
 32762 | Elf:2    | Found a huge runed translucent gate.
 33596 | Elf:2    | HP: 1/131 [+1 vampiric halberd (10)]
 34188 | Elf:2    | Reached skill level 17 in Fighting
 34863 | Elf:2    | Noticed Azrael
 34872 | Elf:2    | Killed Azrael
 36153 | Swamp:1  | Entered Level 1 of the Swamp
 36312 | Swamp:1  | Found a broken altar of Ashenzari.
 36347 | Swamp:1  | Noticed Aizul
 36364 | Swamp:1  | Killed Aizul
 36365 | Swamp:1  | Reached skill level 18 in Fighting
 38947 | Swamp:2  | Noticed Jorgrun
 38959 | Swamp:2  | Killed Jorgrun
 38960 | Swamp:2  | Reached skill level 19 in Fighting
 42293 | Swamp:3  | Reached XP level 18. HP: 140/141 MP: 24/24
 42344 | Swamp:3  | Reached skill level 20 in Fighting
 42455 | Swamp:4  | Entered Level 4 of the Swamp
 43392 | Swamp:4  | Reached skill level 21 in Fighting
 43428 | Swamp:4  | Noticed the 27-headed Lernaean hydra
 45085 | Swamp:4  | HP: 5/149 [the 26-headed Lernaean hydra (6)]
 45085 | Swamp:4  | Mangled by the 26-headed Lernaean hydra

Illustrated notes

Levels and vault maps discovered:
D:1:      moated_graveyard_arrival, layout_rooms, serial_shops, shop, shop,
          shop, shop, minivault_14, nicolae_figureground_pulse
D:2:      layout_basic, shapermc_ecumenical_altar_rom_forum
D:3:      layout_rooms, chequers_serial_rivers_micro_a
D:4:      layout_basic, dk_yredelemnul_ordeal, nrook_campfire, uniq_natasha,
          uniq_robin
D:5:      layout_loops_cross, temple_hall, serial_shops, kennysheep_little_box,
          shop_statue, shop, nicolae_square_shop, shop_fountains,
          corexii_hall_statues_t
D:6:      layout_basic, abandoned_shop, chequers_big_river,
          minmay_misc_feat_rows, minmay_checkerbox, uniq_blork_the_orc,
          uniq_duvessa, uniq_prince_ribbit1
D:7:      layout_basic
D:8:      hellmonk_destroyed_diamonds, layout_basic, tgw_xom,
          david_lair_generic, serial_curves, eino_curves_02, eino_curves_03,
          eino_curves_04, uniq_maggie
D:9:      layout_cross, mainiacjoe_overflow_large_starburst,
          minmay_misc_feat_roman, fungi_pond_lemuel, kennysheep_generic_room_7
D:10:     nicolae_cairo_tiling_large, layout_gridville,
          chequers_temple_overflow_minitemple, minmay_gold_behind_fungi
D:11:     layout_layer_cave
D:12:     layout_roguey, david_orc_3, uniq_psyche
D:13:     layout_irregular_city, david_vaults_2, uniq_kirke
D:14:     layout_long_grid, kennysheep_cross_bottleneck
D:15:     hangedman_depths_entry_civil_slaughter, layout_basic,
          serial_bayou_pond_d, serial_glass, glass_columns_a, glass_columns_b,
          glass_columns_c, glass_columns_a, glass_columns_b, glass_columns_a,
          enter_trove_0
Temple:   dshaligram_water_room_temple
Lair:1:   hellmonk_warped_wall, layout_cave_pods, chequers_serial_rivers_small_a
Lair:2:   layout_cellular_growth, grunt_forest_large_clearing_hut,
          uniq_gastronok
Lair:3:   layout_long_grid, nicolae_swamp_entry_splash_gauntlet,
          nicolae_quartered_pool_medium, lemuel_oklob_altar, grunt_megastairs_1,
          infiniplex_staircase_pool
Lair:4:   layout_loops_ring, nicolae_spider_entry_non_spiders,
          gammafunk_ghost_cemetery, serial_bayou_shore_a
Lair:5:   layout_regular_city
Lair:6:   due_jungle_book, layout_gridlike, minmay_slime_entry_pillars,
          serial_bayou_pond_c, lemuel_another_geyser
Swamp:1:  layout_basic_swamp, lemuel_altar_in_water, swamp_pool4,
          nicolae_swamp_feature_on_the_river_bank, uniq_aizul
Swamp:2:  layout_basic_swamp, hangedman_swamp_diagram,
          nicolae_swamp_wisp_ring_woods, uniq_jorgrun
Swamp:3:  layout_basic_swamp, evilmike_swamp_ruin_house_1
Swamp:4:  swamp_old_school, layout_basic_swamp
Orc:1:    layout_caves
Orc:2:    kennysheep_orc_mage_school, layout_caves
Elf:1:    layout_geoelf_octagon, hangedman_elf_disciples
Elf:2:    elven_hall_of_blades_hangedman_alternative
          [nicolae_vaults_blade_armed_guards], layout_gridlike, serial_shops,
          nicolae_shop_overgrown_old_shop, grunt_ministairs_12, abandoned_shop,
          st_stairs_10, lemuel_elevator, uniq_azrael

Skill      XL: |  1  2  3  4  5  6  7  8  9 10 11 12 13 14 15 16 17 18 |
---------------+-------------------------------------------------------+-----
Stealth        | 4 5 |  5.0
Polearms       | 5 6 8 11 13 14 18 | 18.0
Fighting       | 4 5 6 8 11 13 14 15 16 19 21 | 21.1
Dodging        | 5 6 7 8 9 12 14 15 | 15.0
Invocations    | 8 |  8.0
Armour         | 3 8 11 13 15 | 15.0

Action                   |  1- 3 |  4- 6 |  7- 9 | 10-12 | 13-15 | 16-18 || total
-------------------------+-------+-------+-------+-------+-------+-------++-------
Melee: Spear             |   148 |    24 |       |       |       |       ||   172
       Tailslap          |     6 |       |       |       |     7 |    37 ||    50
       Halberd           |       |   161 |   242 |   584 |  1223 |  1299 ||  3509
       Shillelagh        |       |       |     2 |       |       |       ||     2
       Quick blade       |       |       |       |       |       |    17 ||    17
Throw: Dart              |       |    28 |       |       |       |       ||    28
Invok: Ancestor Life: Kn |       |       |     1 |       |       |       ||     1
       Recall Ancestor   |       |       |       |     5 |     3 |     5 ||    13
       Idealise          |       |       |       |     2 |    12 |    16 ||    30
       Transference      |       |       |       |       |     2 |     1 ||     3
Evoke: Wand              |       |       |       |     3 |     2 |     1 ||     6
  Use: Scroll            |       |     1 |     7 |    10 |     8 |     8 ||    34
       Potion            |       |     1 |     1 |     1 |     1 |    13 ||    17
 Stab: Sleeping          |     3 |    12 |    11 |    18 |     2 |     8 ||    54
       Distracted        |       |       |     1 |     4 |    14 |     9 ||    28
       Confused          |       |       |       |       |       |     1 ||     1
Armor: Robe              |    12 |     5 |       |       |       |       ||    17
       Ring mail         |       |    26 |    63 |    58 |       |       ||   147
       Acid dragon scale |       |       |       |   115 |    65 |       ||   180
       Skin              |       |       |       |    13 |       |    18 ||    31
       Plate armour      |       |       |       |       |   522 |   442 ||   964
       Swamp dragon scal |       |       |       |       |       |   190 ||   190
Dodge: Dodged            |    78 |   105 |   143 |   344 |   768 |  1219 ||  2657

Table legend: (Time is in decaauts)
 A = Elapsed time spent in this place.
 B = Non-inter-level travel time spent in this place.
 C = Inter-level travel time spent in this place.
 D = Time resting spent in this place.
 E = Time spent auto-exploring this place.
 F = Levels seen in this place.
 G = Mean time per level.
                   A        B        C        D        E       F      G
               +--------+--------+--------+--------+--------+-----+--------+
         Total |  43835 |  41510 |   2325 |  14171 |  20584 |  30 | 1461.2 |
       Dungeon |  20191 |  19092 |   1099 |   5873 |  10185 |  15 | 1346.1 |
        Temple |    126 |     84 |     42 |      0 |     58 |   1 |  126.0 |
          Lair |   8474 |   8000 |    474 |   1185 |   5202 |   6 | 1412.3 |
         Swamp |   7830 |   7747 |     83 |   4662 |   2111 |   4 | 1957.5 |
  Orcish Mines |   1788 |   1481 |    307 |      0 |   1177 |   2 |  894.0 |
   Elven Halls |   5424 |   5106 |    318 |   2449 |   1849 |   2 | 2712.0 |
               +--------+--------+--------+--------+--------+-----+--------+

Top non-repeatable levels by time:
 Swamp:2: 3279 daAuts
   Elf:2: 3025 daAuts
     D:8: 2638 daAuts
   Elf:1: 2399 daAuts
  Lair:6: 2244 daAuts
     D:4: 2223 daAuts
     D:2: 2107 daAuts
 Swamp:1: 2100 daAuts
     D:7: 1676 daAuts
  Lair:3: 1593 daAuts
    D:14: 1552 daAuts
  Lair:1: 1433 daAuts
  Lair:4: 1387 daAuts
 Swamp:4: 1374 daAuts
   Orc:2: 1273 daAuts
